 Dungeon Crawl Stone Soup version 0.29-a0-997-gf6f7e2dfe7 (webtiles) character file.

Game seed: 5476788882375531330

3847 SkeletonJelly the Grappler (level 9, -10/84 HPs)
             Began as a Troll Monk on Aug 5, 2022.
             Was a Priest of Makhleb.
             Killed from afar by Maggie (17 damage)
             ... with a bolt of fire
             ... on level 8 of the Dungeon.
             The game lasted 00:11:56 (5841 turns).

SkeletonJelly the Grappler (Troll Monk)             Turns: 5841, Time: 00:11:57

Health: -10/84     AC:  5    Str: 25    XL:     9   Next: 98%
Magic:  11/11      EV: 10    Int:  6    God:    Makhleb [***...]
Gold:   485        SH:  0    Dex: 12    Spells: 8/8 levels left

rFire   . . .      SeeInvis .     - Unarmed
rCold   . . .      Faith    .   (no shield)
rNeg    . . .      Spirit   .   a - +1 robe
rPois   .          Reflect  .   (helmet restricted)
rElec   .          Harm     .   g - scarf {+Inv}
rCorr   .          Rampage  .   (gloves unavailable)
Will    .....                   (boots unavailable)
Stlth   ++........              (no amulet)
HPRegen 1.04/turn               (no ring)
MPRegen 0.12/turn               (no ring)

@: no status effects
A: large, unfitting armour, claws 3, regeneration 1, shaggy fur 1, tough skin 1
a: Renounce Religion, Evoke Invisibility, Minor Destruction, Lesser Servant of
Makhleb


You were on level 8 of the Dungeon.
You worshipped Makhleb.
Makhleb was most pleased with you.
You visited 1 branch of the dungeon, and saw 8 of its levels.
You also visited: Sewer.

You collected 485 gold pieces.

Inventory:

Hand Weapons
 w - a +1 flail of venom
Missiles
 d - 10 poisoned darts (quivered)
 C - 4 large rocks
Armour
 a - a +1 robe (worn)
 g - a scarf of invisibility (worn)
 F - a +0 cloak
Jewellery
 s - a ring of poison resistance
Wands
 y - a wand of roots (9)
 B - a wand of charming (13)
Scrolls
 c - 7 scrolls of identify
 e - a scroll of amnesia {unknown}
 h - 2 scrolls of blinking
 j - 4 scrolls of enchant armour
 m - 2 scrolls of fear {unknown}
 n - a scroll of summoning {unknown}
 p - 2 scrolls of magic mapping {unknown}
 q - a scroll of fog
 r - 4 scrolls of vulnerability
 t - 2 scrolls of poison {unknown}
 u - 2 scrolls of enchant weapon {unknown}
 v - a scroll of silence {unknown}
 x - a scroll of immolation {unknown}
Potions
 b - a potion of ambrosia
 f - 2 potions of degeneration {unknown}
 i - 3 potions of curing
 k - 2 potions of might {unknown}
 l - a potion of invisibility {unknown}
 o - a potion of brilliance {unknown}
 z - 2 potions of haste {unknown}
 A - 2 potions of heal wounds {unknown}
 D - a potion of cancellation {unknown}
 E - a potion of attraction {unknown}


   Skills:
 + Level 4.3 Fighting
 - Level 2.4 Dodging
 - Level 1.0 Stealth
 * Level 12.7 Unarmed Combat
 - Level 5.1 Invocations


You had 8 spell levels left.
You didn't know any spells.
Your spell library contained the following spells:

 Spells                   Type           Power      Damage    Failure   Level
 Freeze                   Ice            0%         1d3       45%         1
 Shock                    Conj/Air       0%         1d3       45%         1
 Static Discharge         Conj/Air       0%         3-3/arc   58%         2
 Frozen Ramparts          Ice            0%         1d8       83%         3
 Gell's Gravitas          Tloc           0%         N/A       83%         3
 Inner Flame              Hex/Fire       0%         N/A       83%         3
 Lesser Beckoning         Tloc           0%         N/A       83%         3
 Swiftness                Air            0%         N/A       83%         3
 Teleport Other           Tloc           0%         N/A       83%         3
 Airstrike                Air            0%         2d(0-16)  99%         4
 Cause Fear               Hex            0%         N/A       99%         4
 Hailstorm                Conj/Ice       0%         3d3       99%         4
 Blade Hands              Tmut           0%         N/A       100%        5
 Irradiate                Conj/Tmut      0%         3d11      100%        5
 Lightning Bolt           Conj/Air       0%         1d11      100%        5
 Dragon Form              Tmut           0%         N/A       100%        7
 Discord                  Hex            0%         N/A       100%        8
 Maxwell's Capacitive Co  Air            0%         ∞         100%        8


Dungeon Overview and Level Annotations

Branches:
Dungeon (8/15)             Temple (0/1) D:6           Sewer (visited)
   Lair: D:8-11

Altars:
Cheibriados
Elyvilon
Gozag
Makhleb
Nemelex Xobeh
Wu Jian
Xom

Shops:
D:3 [   D:7 (

Annotations:
D:6 1 runed translucent door, siradein's ghost, novice BaBe
D:8 Maggie


Innate Abilities, Weirdness & Mutations

You are too large for most types of armour.
You have claws for hands.
Your natural rate of healing is unusually fast.
You are covered in fur. (AC +1)
You have tough skin. (AC +1)


Message History

You kill the wolf!
Makhleb accepts your kill.
You feel better.
Grum hits you from afar with a +1 spear!
You take 8 damage, and have 49/84 hp.
Grum barely misses you.
You mangle Grum!!
Grum is severely wounded.
Maggie casts a spell.
Maggie attempts to bespell you!
You are mesmerised by Maggie!
Grum barely misses you.
You completely miss Grum. You claw Grum!
Grum is almost dead.
Grum barely misses you.
You mangle Grum!!
You kill Grum!
Makhleb accepts your kill. The wolf misses you.
You miss the wolf. The wolf bites you.
You take 5 damage, and have 48/84 hp.
You mangle the wolf!!
The wolf is almost dead.
The wolf misses you. The wolf bites you.
You closely miss the wolf.
The wolf is almost dead.
The wolf barely misses you. x2; The wolf bites you.
You take 4 damage, and have 44/84 hp.
You claw the wolf!
You kill the wolf!
Makhleb accepts your kill.
You feel better. The wolf bites you but does no damage.
You regained 3 hp, and now have 47/84 hp.
You closely miss Maggie. The wolf bites you but does no damage.
The wolf barely misses you.
You closely miss Maggie. Maggie barely misses you. The wolf barely misses you.
You completely miss Maggie. The wolf bites you! Maggie barely misses you.
You take 10 damage, and have 39/84 hp.
You are too injured to fight recklessly!
You are too injured to fight recklessly!
You are too injured to fight recklessly!
You are too injured to fight recklessly!
You are too injured to fight recklessly!
You are too injured to fight recklessly!
You are too injured to fight recklessly!
You are too injured to fight recklessly!
You are too injured to fight recklessly!
You are too injured to fight recklessly!
You are too injured to fight recklessly!
You are too injured to fight recklessly!
You are too injured to fight recklessly!
You are too injured to fight recklessly!
You are too injured to fight recklessly!
You are too injured to fight recklessly!
You are too injured to fight recklessly!
You are too injured to fight recklessly!
You are too injured to fight recklessly!
You are too injured to fight recklessly!
You are too injured to fight recklessly!
You are too injured to fight recklessly!
You are too injured to fight recklessly!
You are too injured to fight recklessly!
You are too injured to fight recklessly!
You are too injured to fight recklessly!
A demon appears!
The wolf bites you.
Maggie hits you with a +2 scimitar of flaming.
* * * LOW HITPOINT WARNING * * *
Maggie burns you.
* * * LOW HITPOINT WARNING * * *
The wolf closely misses you.
You take 16 damage, and have 23/84 hp.
You claw Maggie! You claw Maggie!!
Maggie is heavily wounded.
The wolf bites you.
* * * LOW HITPOINT WARNING * * *
Maggie says, "Have you seen any dragons?"
Maggie hits you with a +2 scimitar of flaming!
* * * LOW HITPOINT WARNING * * *
Maggie burns you.
* * * LOW HITPOINT WARNING * * *
You take 21 damage, and have 2/84 hp.
MASSIVE DAMAGE!!
You mangle the wolf!!
You kill the wolf!
Makhleb accepts your kill.
You feel better.
You break out of your daze.
Your hellwing hits Maggie!
Your hellwing hits Maggie but does no damage.
Maggie hits your hellwing with a +2 scimitar of flaming!
Maggie burns your hellwing.
You regained 3 hp, and now have 5/84 hp.
You strike the helpless Maggie from behind!
You claw Maggie! Your claw misses Maggie.
Maggie is almost dead.
Your hellwing hits Maggie.
Your hellwing barely misses Maggie.
You scratch Maggie but do no damage.
Maggie is almost dead.
Maggie casts a spell at you. The bolt of fire hits you!
You die...

### #... ....# #... .
..#. #######..#
.####.#. ........###...
... ####.....#.... ...
.)..........####4#
#)##...........#@#
...#........##.#@#
#.##.#.....###.#?#
....#......# #.#.# #
......#..#.###.#.#.##
....#....#.##.......#
......#.##.#.....###..#
#.#...#.##........# .#
#........###..#..###.#
###...#..# #.###.....#


You could see Maggie (ally target) and a friendly hellwing (summoned).

Vanquished Creatures
  A cyclops (D:6)
  A gargoyle (D:8)
  Grinder (D:6)
  A wyvern (D:6)
  Grum (D:8)
  Menkaure (D:5)
  Edmund (D:5)
  Duvessa (D:6)
  A water moccasin (D:7)
  A sky beast (D:5)
  2 ice beasts
  A black bear (D:6)
  An ogre (D:7)
  3 wolves (D:8)
  2 centaurs
  A kobold brigand (Sewer)
  2 phantoms (D:5)
  3 bullfrogs
  A necrophage (D:6)
  3 scorpions
  Dowan (D:6)
  4 orc priests
  Crazy Yiuf (D:7)
  A gnoll bouda (D:7)
  A hound (D:3)
  4 iguanas
  3 orc wizards
  7 gnolls
  6 adders
  3 river rats
  3 shadow imps
  A white imp (D:6)
  An ufetubus (D:5)
  6 worms
  5 dart slugs
  36 orcs
  14 ball pythons
  10 bats
  9 endoplasms
  5 giant cockroaches
  5 goblins
  5 hobgoblins
  8 jackals
  8 quokkas
  6 frilled lizards
  9 kobolds
  7 rats
198 creatures vanquished.

Notes
Turn   | Place    | Note
-------+----------+-------------------------------------------
     0 | D:1      | SkeletonJelly the Troll Monk began the quest for the Orb.
     0 | D:1      | Reached XP level 1. HP: 22/22 MP: 0/0
   109 | D:1      | Reached XP level 2. HP: 25/29 MP: 1/1
   378 | D:1      | Reached skill level 4 in Unarmed Combat
   634 | D:1      | Reached XP level 3. HP: 34/36 MP: 2/2
  1071 | D:2      | Reached skill level 5 in Unarmed Combat
  1071 | D:2      | Reached XP level 4. HP: 40/44 MP: 3/3
  1369 | D:3      | Found Ucuqets's Armour Shoppe.
  1575 | D:3      | Found a glowing drain.
  1584 | Sewer    | Entered a sewer
  1730 | Sewer    | Reached XP level 5. HP: 42/50 MP: 4/4
  1818 | Sewer    | Reached skill level 6 in Unarmed Combat
  1910 | D:3      | Reached XP level 6. HP: 50/59 MP: 5/5
  2129 | D:3      | Found a faded altar of an unknown god.
  2341 | D:3      | Found a sparkling altar of Nemelex Xobeh.
  2636 | D:4      | Reached skill level 7 in Unarmed Combat
  2639 | D:4      | Found an ornate altar of the Wu Jian Council.
  2794 | D:4      | Found a burning altar of Makhleb.
  2804 | D:4      | Became a worshipper of Makhleb the Destroyer
  2804 | D:4      | Reached * piety under Makhleb
  2804 | D:4      | Reached ** piety under Makhleb
  3312 | D:5      | Entered Level 5 of the Dungeon
  3370 | D:5      | Noticed Edmund
  3389 | D:5      | Killed Edmund
  3390 | D:5      | Reached skill level 8 in Unarmed Combat
  3390 | D:5      | Reached skill level 1 in Invocations
  3390 | D:5      | Reached XP level 7. HP: 53/66 MP: 5/7
  3541 | D:5      | Noticed Menkaure
  3556 | D:5      | Killed Menkaure
  3617 | D:5      | Reached skill level 9 in Unarmed Combat
  3672 | D:5      | Reached XP level 8. HP: 38/74 MP: 9/9
  3759 | D:5      | Found a snail-covered altar of Cheibriados.
  3760 | D:5      | Found an opulent altar of Gozag.
  3859 | D:5      | Found a shimmering altar of Xom.
  3859 | D:5      | Found a shimmering altar of Xom.
  3861 | D:5      | Found a shimmering altar of Xom.
  3863 | D:5      | Found a shimmering altar of Xom.
  3863 | D:5      | Found a shimmering altar of Xom.
  3987 | D:6      | Noticed Grinder
  4041 | D:6      | Paralysed by Grinder for 3 turns
  4060 | D:6      | Paralysed by Grinder for 3 turns
  4069 | D:6      | Killed Grinder
  4070 | D:6      | Reached skill level 10 in Unarmed Combat
  4075 | D:6      | Reached *** piety under Makhleb
  4180 | D:6      | Noticed a cyclops
  4188 | D:6      | Found a runed translucent door.
  4261 | D:6      | Killed a cyclops
  4262 | D:6      | Reached skill level 11 in Unarmed Combat
  4262 | D:6      | Reached skill level 5 in Invocations
  4262 | D:6      | Reached XP level 9. HP: 41/80 MP: 11/11
  4530 | D:6      | Found a staircase to the Ecumenical Temple.
  4553 | D:6      | Noticed Duvessa
  4553 | D:6      | Noticed Dowan
  4560 | D:6      | Killed Dowan
  4563 | D:6      | Killed Duvessa
  4593 | D:6      | Noticed siradein's ghost (novice BaBe)
  4844 | D:7      | Found a runed translucent door.
  4845 | D:7      | Noticed Crazy Yiuf
  4875 | D:7      | Found a white marble altar of Elyvilon.
  4956 | D:7      | Found Lihorhant's Antique Weapon Boutique.
  5125 | D:7      | Reached skill level 12 in Unarmed Combat
  5509 | D:7      | Killed Crazy Yiuf
  5588 | D:8      | Noticed a gargoyle
  5593 | D:8      | Killed a gargoyle
  5818 | D:8      | Noticed Grum
  5821 | D:8      | Noticed Maggie
  5829 | D:8      | Killed Grum
  5838 | D:8      | HP: 2/84 [Maggie/+2 scimitar of flaming (5)]
  5841 | D:8      | Killed from afar by Maggie

Illustrated notes

Levels and vault maps discovered:
D:1:      sevenhm_arrival_forest_fort_small_4, layout_basic,
          roderic_roman_lattice, minmay_tripent
D:2:      layout_rooms
D:3:      layout_basic, nemelex_dance_club_becter, gup_sewer_entry_bowl,
          serial_shops, shop_coins, nicolae_ecumenical_snake_handling,
          st_stairs_2
D:4:      layout_loops_ring, mainiacjoe_overflow_alcove_2, old_standard_altar,
          eino_tiny_chamber
D:5:      layout_rooms, xom_redecorated, nicolae_overflow_squiral, uniq_edmund,
          uniq_menkaure
D:6:      layout_cave_pools, minmay_temple_entry_glassed_door,
          hellmonk_ghost_happy_afterlife, uniq_grinder, uniq_duvessa
D:7:      layout_basic, nicolae_elyvilon_peaceful_grove, serial_shops, shop,
          chequers_serial_rivers_large_a, uniq_crazy_yiuf_cottage
D:8:      layout_loops_ring, uniq_maggie, uniq_grum, uniq_amaemon

Skill      XL: |  1  2  3  4  5  6  7  8  9 |
---------------+----------------------------+-----
Unarmed Combat | 4 5 6 8 9 11 12 | 12.7
Invocations    | 1 3 5 |  5.1
Fighting       | 4 |  4.3
Dodging        | |  2.4
Stealth        | |  1.0

Action                   |  1- 3 |  4- 6 |  7- 9 || total
-------------------------+-------+-------+-------++-------
Melee: Unarmed           |   109 |   207 |   257 ||   573
       Punch             |     1 |     7 |    10 ||    18
Invok: Minor Destruction |       |       |     2 ||     2
       Lesser Servant of |       |       |     3 ||     3
  Use: Scroll            |       |     5 |       ||     5
 Stab: Sleeping          |     3 |     2 |     2 ||     7
       Distracted        |       |       |     1 ||     1
Armor: Robe              |    47 |    77 |    57 ||   181
Dodge: Dodged            |    56 |   120 |   120 ||   296

Table legend: (Time is in decaauts)
 A = Elapsed time spent in this place.
 B = Non-inter-level travel time spent in this place.
 C = Inter-level travel time spent in this place.
 D = Time resting spent in this place.
 E = Time spent auto-exploring this place.
 F = Levels seen in this place.
 G = Mean time per level.
                   A        B        C        D        E       F      G
               +--------+--------+--------+--------+--------+-----+--------+
         Total |   5838 |   5599 |    239 |      5 |   4263 |   9 |  648.7 |
       Dungeon |   5468 |   5229 |    239 |      5 |   4058 |   8 |  683.5 |
         Sewer |    369 |    369 |      0 |      0 |    204 |   1 |  369.0 |
               +--------+--------+--------+--------+--------+-----+--------+

Top non-repeatable levels by time:
     D:3: 916 daAuts
     D:1: 802 daAuts
     D:7: 746 daAuts
     D:4: 736 daAuts
     D:6: 729 daAuts
     D:5: 715 daAuts
     D:2: 530 daAuts
   Sewer: 369 daAuts
     D:8: 291 daAuts
